 Dungeon Crawl Stone Soup version 0.21-a0-221-gfe971b9 (webtiles) character file.

207 tidbits the Grave Robber (level 5, -1/63 HPs)
             Began as a Draconian Wanderer on Aug 26, 2017.
             Killed by nerve-wracking pain
             ... invoked by an orc priest
              (7 damage)
             ... on level 4 of the Dungeon.
             The game lasted 00:10:42 (1194 turns).

tidbits the Grave Robber (Draconian Wanderer)       Turns: 1194, Time: 00:10:43

Health: -1/63      AC:  6    Str: 21    XL:     5   Next: 54%
Magic:  9/9        EV: 12    Int: 18    God:
Gold:   93         SH:  0    Dex:  8    Spells: 6/10 levels left

rFire    . . .     SeeInvis .   a - +3 dagger
rCold    . . .     Gourm    .   (no shield)
rNeg     . . .     Faith    .   (armour unavailable)
rPois    +         Spirit   .   (helmet restricted)
rElec    .         Reflect  .   (no cloak)
rCorr    .         Harm     .   G - +0 pair of gloves
MR       +....                  (no boots)
Stlth    ..........             (no amulet)
HPRegen  0.20/turn              P - ring of poison resistance
MPRegen  0.11/turn              (no ring)

@: berserking (expiring), very quick
A: unfitting armour, clever 1, magic resistance 1, strong 1, wild magic 1,
cold-blooded, AC +5
a: no special abilities


You were on level 4 of the Dungeon.
You were not hungry.

You visited 1 branch of the dungeon, and saw 4 of its levels.

You collected 93 gold pieces.

Inventory:

Hand Weapons
 a - a +3 dagger (weapon)
 d - a +0 mace
 i - a +0 blowgun
 j - a cursed +0 flail
 l - a +0 trident
Missiles
 h - 43 stones (quivered)
 n - 13 poisoned needles
 u - 15 bolts
Armour
 G - a +0 pair of gloves (worn)
Jewellery
 e - an uncursed ring of ice
   (You found it on level 2 of the Dungeon)
 P - a ring of poison resistance (left hand)
   (You found it on level 2 of the Dungeon)
Scrolls
 g - a scroll of teleportation
 o - 2 scrolls of enchant weapon
 q - a scroll of fear {unknown}
 s - a scroll of recharging {unknown}
 t - a scroll of random uselessness {unknown}
 v - a scroll of amnesia {unknown}
Potions
 b - a potion of haste
 p - a potion of flight
Books
 c - Luap's Volume of Evil

   Spells                             Type                      Level
   a - Animate Skeleton               Necromancy                   1
   b - Vampiric Draining              Necromancy                   3
Comestibles
 f - 2 bread rations
 k - 2 chunks of flesh
 m - a meat ration


   Skills:
 - Level 2.5 Fighting
 - Level 2.0 Maces & Flails
 - Level 2.1 Dodging
 - Level 1.0 Stealth
   Level 1.0 Shields
 - Level 3.0 Spellcasting
 + Level 4.0 Necromancy
   Level 2.0 Ice Magic


You had 6 spell levels left.
You knew the following spells:

 Your Spells              Type           Power        Failure   Level  Hunger
n - Animate Skeleton      Necr           N/A          5%          1    None
v - Vampiric Draining     Necr           ###.......   13%         3    ###....


Dungeon Overview and Level Annotations

Branches:
Dungeon (4/15)
 Temple: D:4-7

Altars:


Innate Abilities, Weirdness & Mutations

Your plain brown scales are hard. (AC +5)
You cannot fit into any form of body armour.
You are cold-blooded and may be slowed by cold attacks.
Your mind is acute. (Int +2)
You are resistant to hostile enchantments. (MR+)
Your muscles are strong. (Str +2)
Your spells are a little harder to cast, but a little more powerful.


Message History

You hit the worker ant.
You kill the worker ant!
Things that are here:
a dagger; a robe; a club
Found a scroll labeled ZONLOCOUSUS.
q - a scroll labeled ZONLOCOUSUS A frilled lizard comes into view.
The frilled lizard hisses angrily.
You barely miss the frilled lizard.
The frilled lizard bites you but does no damage.
You barely miss the frilled lizard. The frilled lizard barely misses you.
You completely miss the frilled lizard. The frilled lizard bites you.
You closely miss the frilled lizard.
The frilled lizard bites you but does no damage.
You hit the frilled lizard.
You kill the frilled lizard!
You see here a frilled lizard corpse.
The adder hisses angrily.
Found 5 gold pieces.
The adder barely misses you.
You hit the adder.
The adder is lightly wounded.
The adder barely misses you.
You barely miss the adder.
The adder is lightly wounded.
The adder bites you.
You barely miss the adder.
The adder is lightly wounded.
The adder closely misses you. The adder barely misses you.
You barely miss the adder. The adder closely misses you.
You closely miss the adder. The adder closely misses you.
You hit the adder.
The adder is lightly wounded.
The adder closely misses you.
You hit the adder.
The adder is severely wounded.
The adder bites you. The adder barely misses you.
You closely miss the adder.
The adder is severely wounded.
The adder closely misses you.
You hit the adder.
The adder is almost dead.
The adder closely misses you.
You hit the adder.
You kill the adder!
v - a scroll labeled RIUGHO RUNIRCH
Press: ? - help, v - describe, . - travel, g - get item A potion of degeneration.
The floor.
Drop what? 24/52 slots (_ for help) (? for menu, Esc to quit)
You drop a potion of degeneration.
You now have 88 gold pieces (gained 5).
You now have 93 gold pieces (gained 5).
The iguana hisses angrily.
Found a blowgun.
Found a dagger.
You see here a blowgun.
i - a blowgun The orc wizard shouts!
An orc priest comes into view. It is wielding a short sword.
The orc priest shouts!
The iguana bites you!
The orc wizard gestures wildly while chanting.
The orc wizard seems to speed up.
The orc wizard casts a spell at you. The puff of frost hits you!
The iguana closely misses you.
The orc priest invokes the aid of Beogh against you.
Beogh smites you!
* * * LOW HITPOINT WARNING * * *
The orc wizard casts a spell.
The orc wizard flickers and vanishes!
Deactivating autopickup; reactivate with Ctrl-A.
Some of the chunks of flesh in your inventory have rotted away.
Okay, then.
A red film seems to cover your vision as you go berserk!
You feel yourself moving faster!
You feel mighty! The iguana bites you.
* * * LOW HITPOINT WARNING * * *
You hit the iguana.
Your tail-slap misses the iguana.
The iguana is lightly wounded.
The iguana bites you!
* * * LOW HITPOINT WARNING * * *
You puncture the iguana!
The iguana is severely wounded.
You puncture the iguana!
You kill the iguana!
Your Necromancy skill increases to level 4!
You miss something.
Your tail-slap misses something.
You hit something.
You hear some strange, mumbled words.
A puff of frost appears from out of thin air!
The puff of frost hits you!
* * * LOW HITPOINT WARNING * * *
You hit something.
Your tail-slap misses something.
Something hits you but does no damage.
You closely miss something. Something hits you but does no damage.
You closely miss something. Something hits you but does no damage.
The orc priest invokes the aid of Beogh against you.
Pain shoots through your body!
You die...

#.# ######..o.#
..... #.#
#....{.#..# #...
####.#
#.####....###..#
#....# #.#
##.##.)...# #.####
#.# ##...####..#
#.#
#.###.....##...#
#.#
#.##.8...8.#...####
#.#
#o#................
#.#
#.@....⌠......#####
##.#
#.............#
#..#
#.##.8...8!#..#
#.##
#.###..!..##..# #.#
#.####...###..####
#.#
#................#
#.#
#####.##########.#
#.# #.# #.## #.#
#.# #...


You could see an orc priest.

Vanquished Creatures
  2 orc wizards (D:4)
  An iguana (D:4)
  A worker ant (D:4)
  5 adders
  A worm (D:2)
  2 dart slugs
  2 leopard geckos
  3 orcs
  A giant cockroach (D:3)
  3 goblins (D:1)
  3 hobgoblins
  7 jackals
  A quokka (D:2)
  A bat (D:2)
  4 frilled lizards
  5 kobolds
  A quokka skeleton (D:4)
  2 rats (D:2)
45 creatures vanquished.

Vanquished Creatures (collateral kills)
  A dart slug (D:1)
  A goblin (D:1)
  A frilled lizard (D:1)
3 creatures vanquished.

Grand Total: 48 creatures vanquished

Notes
Turn   | Place    | Note
-------+----------+-------------------------------------------
     0 | D:1      | tidbits the Draconian Wanderer began the quest for the Orb.
     0 | D:1      | tidbits set off with: a +2 dagger, a potion of haste, Luap's Volume of Evil, a +0 mace, a bread ration
     0 | D:1      | Reached XP level 1. HP: 16/16 MP: 4/4
     0 | D:1      | Identified Luap's Volume of Evil
     2 | D:1      | Learned a level 1 spell: Animate Skeleton
   145 | D:1      | Reached skill level 1 in Dodging
   145 | D:1      | Reached XP level 2. HP: 11/24 MP: 6/6
   303 | D:2      | Reached skill level 2 in Fighting
   392 | D:2      | Reached skill level 2 in Dodging
   392 | D:2      | Reached XP level 3. HP: 19/29 MP: 7/7
   591 | D:2      | Reached skill level 1 in Necromancy
   765 | D:3      | Reached XP level 4. HP: 13/37 MP: 8/8
   932 | D:4      | Reached skill level 2 in Necromancy
   942 | D:4      | Gained mutation: Your muscles are strong. (Str +2) [potion of mutation]
   942 | D:4      | Gained mutation: Your mind is acute. (Int +2) [potion of mutation]
   942 | D:4      | Gained mutation: Your spells are a little harder to cast, but a little more powerful. [potion of mutation]
   942 | D:4      | Gained mutation: You are resistant to hostile enchantments. (MR+) [potion of mutation]
   961 | D:4      | Reached skill level 3 in Necromancy
   961 | D:4      | Reached XP level 5. HP: 29/42 MP: 9/9
   972 | D:4      | Learned a level 3 spell: Vampiric Draining
  1188 | D:4      | Reached skill level 4 in Necromancy
  1190 | D:4      | HP: 6/63 [something/puff of frost (8)]
  1194 | D:4      | Killed from afar by an orc priest

Vault maps used:
D:1:      dpeg_arrival_fog
D:3:      first_bread
D:4:      wad_floor_pattern_untrapped, uniq_sigmund

Skill      XL: |  1  2  3  4  5 |
---------------+----------------+-----
Dodging        | 1 2 |  2.1
Fighting       | 2 |  2.5
Necromancy     | 1 3 4 |  4.0
Maces & Flails | |  2.0
Stealth        | |  1.0
Shields        | |  1.0
Spellcasting   | |  3.0
Ice Magic      | |  2.0

Action                   |  1- 3 |  4- 6 || total
-------------------------+-------+-------++-------
Melee: Dagger            |   127 |    69 ||   196
       Tailslap          |     7 |     3 ||    10
 Cast: Animate Skeleton  |     3 |     3 ||     6
  Use: Potion            |     4 |     3 ||     7
       Scroll            |       |     4 ||     4
 Stab: Sleeping          |     1 |       ||     1
  Eat: Chunk             |       |     1 ||     1
Armor: Skin              |    41 |    16 ||    57
Dodge: Dodged            |    72 |    39 ||   111

Table legend:
 A = Spawn XP
 B = Non-spawn XP
 C = Spawn XP percentage of total XP
 D = Spawn monster count
 E = Non-spawn monster count
 F = Spawn count percentage of total count
 G = Total turns spent on level
                    A         B        C        D         E        F      G
               +---------+---------+-------+---------+---------+-------+---------
         Total |      14 |     282 |   4.7 |       2 |      46 |   4.2 |  1194
               +---------+---------+-------+---------+---------+-------+---------
           D:1 |       1 |      25 |   3.8 |       1 |      13 |   7.1 |   278
           D:2 |      13 |      49 |  21.0 |       1 |      12 |   7.7 |   477
           D:3 |       0 |      19 |   0.0 |       0 |      10 |   0.0 |   108
           D:4 |       0 |     189 |   0.0 |       0 |      11 |   0.0 |   331
               +---------+---------+-------+---------+---------+-------+---------

Table legend:
 A = Turns spent in this place as a percentage of turns spent in the entire game.
 B = Non-inter-level travel turns spent in this place as a percentage of non-inter-level travel turns spent in the entire game.
 C = Inter-level travel turns spent in this place as a percentage of turns spent in this place.
 D = Turns resting spent in this place as a percentage of non-inter-level travel turns spent in this place.
 E = Turns spent auto-exploring this place as a percentage of non-inter-level travel turns spent in this place.
 F = Non-inter-level travel turns spent in this place divided by the number of levels of this place that you've seen.
                   A       B       C       D       E      F
               +-------+-------+-------+-------+-------+----------------------
         Total | 100.0 | 100.0 |   3.1 |   0.0 |   0.0 | 289.2
       Dungeon | 100.0 | 100.0 |   3.1 |   0.0 |   0.0 | 289.2
               +-------+-------+-------+-------+-------+----------------------

Table legend:
 A = Kills in this place as a percentage of kills in entire the game.
 B = Kills by you in this place as a percentage of kills by you in the entire game.
 C = Kills by friends in this place as a percentage of kills by friends in the entire game.
 D = Other kills in this place as a percentage of other kills in the entire game.
 E = Experience gained in this place as a percentage of experience gained in the entire game.
 F = Experience gained in this place divided by the number of levels of this place that you have seen.
                   A       B       C       D       E      F
               +-------+-------+-------+-------+-------+----------------------
         Total | 100.0 | 100.0 | 100.0 |   N/A | 100.0 |  74.0
       Dungeon | 100.0 | 100.0 | 100.0 |   N/A | 100.0 |  74.0
               +-------+-------+-------+-------+-------+----------------------

Vault maps used:
D:1:      dpeg_arrival_fog
D:3:      first_bread
D:4:      wad_floor_pattern_untrapped, uniq_sigmund
